 Dungeon Crawl Stone Soup version 0.27-a0-103-g6cd7b45605 (webtiles) character file.

Game seed: 6558500695043388880

216 kae the Ruffian (level 5, -4/42 HPs)
             Began as a Draconian Transmuter on Jan 22, 2021.
             Shot with an arrow by a centaur (12 damage)
             ... while paralysed by Grinder
             ... on level 4 of the Dungeon.
             The game lasted 00:03:16 (3641 turns).

kae the Ruffian (Draconian Transmuter)              Turns: 3641, Time: 00:03:17

Health: -4/42      AC:  5    Str: 14    XL:     5   Next: 61%
Magic:  9/9        EV:  2    Int: 13    God:
Gold:   133        SH:  0    Dex: 11    Spells: 1/9 levels left

rFire    . . .     SeeInvis .     - Unarmed
rCold    . . .     Faith    .   (no shield)
rNeg     . . .     Spirit   .   (armour unavailable)
rPois    .         Reflect  .   (helmet restricted)
rElec    .         Harm     .   (no cloak)
rCorr    .         Rampage  .   (no gloves)
Will     .....                  (no boots)
Stlth    +.........             (no amulet)
HPRegen  0.14/turn              (no ring)
MPRegen  0.11/turn              (no ring)

@: paralysed
A: unfitting armour, cold-blooded, AC +5
a: no special abilities


You were on level 4 of the Dungeon.
You visited 1 branch of the dungeon, and saw 4 of its levels.

You collected 133 gold pieces.

Inventory:

Scrolls
 a - 5 scrolls of identify {unknown}
 b - 2 scrolls of magic mapping {unknown}
 c - 2 scrolls of teleportation {unknown}
 d - 2 scrolls of remove curse {unknown}
 h - a scroll of amnesia {unknown}
 i - a scroll of enchant armour {unknown}
 k - a scroll of noise {unknown}
 m - 4 scrolls of blinking {unknown}
 n - a scroll of enchant weapon {unknown}
 o - a scroll of fear {unknown}
 p - 2 scrolls of fog {unknown}
Potions
 e - 2 potions of invisibility {unknown}
 f - 2 potions of lignification {unknown}
 g - a potion of mutation {unknown}
 j - a potion of magic {unknown}
 l - a potion of resistance {unknown}
 q - a potion of ambrosia {unknown}


   Skills:
 + Level 2.4 Fighting
 + Level 2.5 Dodging
 * Level 4.3 Unarmed Combat
 + Level 2.6 Spellcasting
 + Level 2.9 Transmutations
 * Level 1.4 Ice Magic


You had one spell level left.
You knew the following spells:

 Your Spells              Type           Power        Failure   Level
a - Beastly Appendage     Tmut           18%          7%          1
b - Spider Form           Tmut/Pois      2%           36%         3
c - Ice Form              Ice/Tmut       7%           67%         4

Your spell library contained the following spells:

 Spells                   Type           Power        Failure   Level
 Wereblood                Tmut           9%           11%         2
 Blade Hands              Tmut           4%           89%         5


Dungeon Overview and Level Annotations

Branches:
Dungeon (4/15)
 Temple: D:4-7

Altars:
Uskayaw
Yredelemnul

Annotations:
D:2 Robin
D:4 Grinder


Innate Abilities, Weirdness & Mutations

Your plain brown scales are hard. (AC +5)
You cannot fit into any form of body armour.
You are cold-blooded and may be slowed by cold attacks.


Message History

Grinder gestures at you. You resist with significant effort.
You see here a leopard gecko corpse.
Found a rapier.
A centaur comes into view.
The centaur shouts!
There are monsters nearby!
There are monsters nearby!
There are monsters nearby!
Grinder gestures at you.
You suddenly lose the ability to move!
The centaur wields a +0 shortbow.
The centaur shoots an arrow.
The arrow hits you!
The centaur shoots an arrow.
The arrow hits you!
The centaur shoots an arrow.
The arrow hits you. Grinder hits you.
* * * LOW HITPOINT WARNING * * *
You writhe in agony.
* * * LOW HITPOINT WARNING * * *
The centaur shoots an arrow.
The arrow hits you!
You die...

#... ###.### # #..) ##
#<....#### ..#... ..#
#)........ #.....# #.#
#.....#### .......##.#
#...[.# # .....c..#.###
#.....# #
........$...####.....####
#.5.....##.....##.'
#.@.#.#.##........#
###†..#...........# ###
##...###........# ....
##...##..#####.. .....
####.......#######
#.....###.............#
#......###.###..##.###
#...#### #.# #...#...#
#..# #.###.#..##.#


You could see Grinder and a centaur.

Vanquished Creatures
  2 orc wizards
  Terence (D:2)
  4 adders
  4 oozes
  2 dart slugs (D:2)
  3 leopard geckos
  4 orcs
  3 bats
  5 giant cockroaches
  9 goblins
  9 hobgoblins
  6 jackals (D:3)
  2 quokkas
  A ball python (D:2)
  4 frilled lizards
  7 kobolds
  7 rats
73 creatures vanquished.

Notes
Turn   | Place    | Note
-------+----------+-------------------------------------------
     0 | D:1      | kae the Draconian Transmuter began the quest for the Orb.
     0 | D:1      | Reached XP level 1. HP: 16/16 MP: 3/3
   281 | D:1      | Reached XP level 2. HP: 23/23 MP: 3/5
   653 | D:1      | Reached XP level 3. HP: 28/28 MP: 4/6
   832 | D:2      | Learned a level 3 spell: Spider Form
   880 | D:2      | Found a hide-covered altar of Uskayaw.
  1175 | D:2      | Noticed Terence
  1194 | D:2      | Killed Terence
  1195 | D:2      | Reached XP level 4. HP: 12/36 MP: 7/7
  1707 | D:2      | Reached skill level 4 in Unarmed Combat
  1814 | D:2      | Noticed Robin
  2369 | D:3      | Learned a level 4 spell: Ice Form
  3059 | D:3      | Reached XP level 5. HP: 39/41 MP: 6/8
  3439 | D:3      | Reached skill level 1 in Ice Magic
  3517 | D:4      | Found a basalt altar of Yredelemnul.
  3633 | D:4      | Noticed Grinder
  3635 | D:4      | Noticed a centaur
  3636 | D:4      | Paralysed by Grinder for 7 turns
  3641 | D:4      | Shot with an arrow by a centaur

Illustrated notes

Levels and vault maps discovered:
D:1:      sevenhm_arrival_forest_fort_large_4, layout_basic
D:2:      kb_forest_paths, layout_basic, nicolae_overflow_hidden_temple,
          uniq_robin, uniq_terence
D:3:      layout_loops_corners
D:4:      corexii_shack_village, layout_rooms, kennysheep_little_box,
          nemelex_xobeh_ov_fountains_minmay, ebering_ghost_sewer_f, uniq_grinder

Skill      XL: |  1  2  3  4  5 |
---------------+----------------+-----
Dodging        | 2 |  2.5
Fighting       | 2 |  2.4
Unarmed Combat | 4 |  4.3
Ice Magic      | 1 |  1.4
Spellcasting   | |  2.6
Transmutations | |  2.9

Action                   |  1- 3 |  4- 6 || total
-------------------------+-------+-------++-------
Melee: Unarmed           |    91 |   143 ||   234
       Kick              |    16 |    19 ||    35
       Tailslap          |    10 |     9 ||    19
       Headbutt          |     5 |    12 ||    17
       Punch             |     2 |     2 ||     4
 Cast: Beastly Appendage |    15 |    26 ||    41
       Spider Form       |       |     2 ||     2
Armor: Skin              |    21 |    40 ||    61
Dodge: Dodged            |    48 |    74 ||   122

Table legend: (Time is in decaauts)
 A = Elapsed time spent in this place.
 B = Non-inter-level travel time spent in this place.
 C = Inter-level travel time spent in this place.
 D = Time resting spent in this place.
 E = Time spent auto-exploring this place.
 F = Levels seen in this place.
 G = Mean time per level.
                   A        B        C        D        E       F      G
               +--------+--------+--------+--------+--------+-----+--------+
         Total |   3625 |   3549 |     76 |    238 |   2811 |   4 |  906.2 |
       Dungeon |   3625 |   3549 |     76 |    238 |   2811 |   4 |  906.2 |
               +--------+--------+--------+--------+--------+-----+--------+

Top non-repeatable levels by time:
     D:2: 1530 daAuts
     D:3: 1105 daAuts
     D:1: 824 daAuts
     D:4: 166 daAuts
